[Event "Grand Chess Tour | Sinquefield Cup 2023"]
[Site "St Louis USA"]
[Date "2023.11.23"]
[Round "3"]
[White "Rapport, Richard"]
[Black "Firouzja, Alireza"]
[Result "1/2-1/2"]
[WhiteElo "2748"]
[BlackElo "2777"]
[ECO "C42"]
[EventDate "2023.??.??"]
[Annotator "rafael"]
[PlyCount "70"]
[Beauty "6393864165907"]
[EventCountry "USA"]
[TimeControl "40/5400+30:1800+30"]

1.e4 e5 2.Nf3 Nf6 3.Nxe5 d6 4.Nf3 Nxe4 5.Nc3 {This simple move is one of my favorite lines against the Petroff. White's play isn't very difficult and although he doesn't have an objective advantage, I can say that nothing gives him an advantage against this solid defense anywway.} 5...Nxc3 6.dxc3 Be7 7.Bf4 O-O 8.Qd2 Nd7 9.O-O-O Nb6 $6 {[%c_effect b6;square;b6;type;Inaccuracy;persistent;true] A rare move, never played by a GM before. The b6-square seems a little strange for the knight, as it doesn't have a very large range of action.} ( 9...Nc5 {is played in the overwhelming majority of games.} ) 10.Bd3 ( 10.Kb1 {The classical prophylactic move is also possible, following the principle \"whenever in doubt, play Kb1\".} ) 10...d5 ( 10...Be6 {has been played before, but White has the initiative after} 11.h4 ) 11.h4 c5 {Big complications start from now on. Instinctively we can see that the position is very promising for White, with several attacking possibilities against the black king. The central theme of this game is \"Candidate Moves\", the term created by GM and renowned author Alexander Kotov and which is so debated to this day. Both sides will have plenty of options on almost every move during the middlegame.} 12.Ng5 {A tempting attacking move, but possibly not the best. I'll briefly mention other ideas:} ( 12.Kb1 {is always there for us.} ) ( 12.Bg5 $5 {[%c_effect g5;square;g5;type;Interesting;persistent;true] using the g5-square for another piece.} 12...f6 13.Bf4 {It can be argued that the move f7-f6 undermines Black's position.} ) ( 12.Be5 $5 f6 13.Bg3 {is a slightly improved version for White of the same idea.} ) ( 12.h5 {is the machine's favorite move and a difficult one for a human being, since we want to use the pawn on h4 as support for a piece on g5. But here it's not a question of arguing with the computer, but of learning from it.} 12...Bf6 ( 12...Bg4 13.Rde1 {with the idea of Ne5 and, if Black captures on f3, then the pair of bishops and the g-file give White an advantage.} ) 13.h6 g6 14.Be5 {followed by Qf4, with strong pressure on the kingside.} ) 12...h6 13.c4 {A creative move by Rapport and one that will work well in the game, although it's not objectively enough for an advantage. As usual, there are many options.} ( 13.Nh7 $2 {[%c_effect h7;square;h7;type;Mistake;persistent;true] is clearly wrong.} 13...c4 $1 14.Nxf8 cxd3 {with a winning advantage for Black.} ) ( 13.Nf3 {is too slow:} 13...c4 14.Be2 Bf5 {with a good position.} ) ( 13.Rde1 $5 ) ( 13.g4 $5 ) ( 13.Qe3 $5 {[%c_effect e3;square;e3;type;Interesting;persistent;true] All these last three moves lead to a complex middlegame with chances for both sides. They show that White doesn't need to bother withdrawing the knight from g5, since its capture usually ends in mate on the h-file.} ) 13...f5 $2 ( 13...hxg5 $2 14.hxg5 {Black won't survive the attack on the h-file.} ) ( 13...dxc4 $6 14.Bh7+ Kh8 15.Qe3 $1 {[%c_effect e3;square;e3;type;GreatFind;persistent;true] This is stronger than} ( 15.Qxd8 Bxd8 16.Rxd8 Rxd8 17.Nxf7+ Kxh7 18.Nxd8 Nd5 {when Black holds.} ) 15...Qe8 16.Be4 {with a strong attack.} ) ( 13...Nxc4 $1 {[%c_effect c4;square;c4;type;GreatFind;persistent;true] This is the right move for Black.} 14.Bxc4 ( 14.Qe2 {is not dangerous since White doesn't have threats.} 14...b5 {with the advantage.} ( 14...Nxb2 {Even this move is possible:} 15.Kxb2 Bf6+ {with counterplay.} ) ) 14...dxc4 15.Qe3 Qe8 16.Rde1 {Now the game peters out to a draw after} 16...Bxg5 17.hxg5 Qxe3+ 18.Rxe3 hxg5 19.Bd6 Rd8 20.Bc7 Rf8 21.Bd6 {with a move repetition.} ) 14.Qe3 {This leads to a big advantage, but 14.cxd5 is even better.} ( 14.cxd5 $1 Qxd5 ( 14...hxg5 15.hxg5 {leads to the typical attack on the h-file.} ) ( 14...c4 15.Be2 c3 16.Qe3 $1 cxb2+ 17.Kb1 {with a much better position for White. His king is safe behind Black's pawn.} ) 15.Qe2 Bf6 16.b3 $1 {[%c_effect b3;square;b3;type;GreatFind;persistent;true] Preparing Bc4. White is winning.} ) 14...Bf6 $1 {[%c_effect f6;square;f6;type;GreatFind;persistent;true] Firouzja fights with all his creativity in an attempt to save the game.} ( 14...hxg5 15.hxg5 {is winning.} ) ( 14...d4 {doesn't help:} 15.Qg3 ) 15.Ne6 ( 15.cxd5 {no longer works so well:} 15...Qxd5 16.b3 c4 $1 {[%c_effect c4;square;c4;type;GreatFind;persistent;true] The queen is not well-placed on e3 and if} 17.Bxc4 Nxc4 {Black is fine.} ) 15...Bxb2+ $1 {[%c_effect b2;square;b2;type;GreatFind;persistent;true] This is the idea.} 16.Kb1 $1 ( 16.Kxb2 $2 Qf6+ {regains the knight.} ) 16...Bd4 $1 {[%c_effect d4;square;d4;type;GreatFind;persistent;true] The best chance.} ( 16...Qf6 {doesn't work:} 17.Nxf8 Na4 {Other moves are insufficient as well:} ( 17...Bd4 18.Qe8 Qxf8 19.Qxf8+ Kxf8 20.cxd5 {with a winning position.} ) ( 17...dxc4 18.Qe8 Qxf8 19.Qxf8+ Kxf8 20.Kxb2 cxd3 21.Rxd3 {White remains an exchange up.} ) 18.Qe8 $1 Nc3+ 19.Kxb2 Nxd1+ 20.Kc1 {Black's counterplay is over.} ) 17.Nxd4 Re8 ( 17...cxd4 {is also much better for White after} 18.Qxd4 Be6 19.c5 Nc4 20.Rhe1 ) 18.Bc7 $2 {[%c_effect c7;square;c7;type;Mistake;persistent;true] This move leads to an endgame and wastes all of White's advantage.} ( 18.Qg3 cxd4 19.Be5 $1 ( 19.Bxh6 $2 Qf6 20.Bg5 Qf8 21.c5 Qxc5 22.Bf6 Qb4+ 23.Kc1 Qa3+ 24.Kb1 Qb4+ {with perpetual check.} ) 19...Qe7 ( 19...Rxe5 20.Qxe5 dxc4 21.Be2 {The pawn on d4 cannot be defended and White wins.} ) 20.Bxd4 Be6 ( 20...dxc4 21.Rhe1 $1 Qb4+ 22.Ka1 {with a decisive attack.} ) 21.Rhe1 Qf7 22.c5 {White's position is far superior and effectively winning in the hands of a skilled attacking player like Rapport.} ) ( 18.Be5 cxd4 19.Qg3 $1 {[%c_effect g3;square;g3;type;GreatFind;persistent;true] transposes.} ) 18...cxd4 ( 18...Qd7 $2 {[%c_effect d7;square;d7;type;Mistake;persistent;true] is playing with fire:} 19.Bxf5 Qa4 20.Be6+ $1 Bxe6 21.Nxe6 Nxc4 22.Qb3 $1 {[%c_effect b3;square;b3;type;GreatFind;persistent;true] White wins material.} ) 19.Bxd8 dxe3 20.Bxb6 axb6 21.cxd5 exf2 22.Rhf1 Ra4 {Activating the rook. Black has no problem achieving a draw.} 23.Rxf2 ( 23.g3 $2 f4 {Now Black is even better.} ) ( 23.c4 b5 $1 {[%c_effect b5;square;b5;type;GreatFind;persistent;true] with counterplay.} ) 23...Rxh4 24.Bxf5 Rb4+ 25.Ka1 ( 25.Kc1 Bxf5 26.Rxf5 Ra4 {also leads to a draw.} ) 25...Bxf5 26.Rxf5 Rd8 27.d6 Rd7 28.a3 Rc4 29.Kb2 Rc6 30.Rfd5 Kf7 31.R5d3 Ke6 32.Re1+ Kf7 33.Red1 Ke6 34.Re1+ Kf7 35.Red1 Ke6 1/2-1/2

[Event "Grand Chess Tour | Sinquefield Cup 2023"]
[Site "St Louis USA"]
[Date "2023.11.29"]
[Round "8"]
[White "Rapport, Richard"]
[Black "Aronian, Levon"]
[Result "1/2-1/2"]
[WhiteElo "2748"]
[BlackElo "2727"]
[ECO "C50"]
[EventDate "2023.??.??"]
[Annotator "rafael"]
[PlyCount "114"]
[Beauty "5226975203335"]
[EventCountry "USA"]
[TimeControl "40/5400+30:1800+30"]

1.e4 e5 2.Nf3 Nc6 3.Bc4 Bc5 4.Nc3 {One of the many possible ways to play the Italian Opening. Usually this square is reserved for the pawn, so that White can fight for the center with c3-d4, while the knight is maneuvered via d2 to f1 and g3. To make sense of the knight's positioning on c3, White must maneuver it to g3 via e2, place it on d5, or chase the black bishop with Na4 at some point.} 4...Nf6 5.d3 O-O 6.Bg5 {The good old pin.} 6...h6 7.Bh4 Be7 {The most solid way to play. Black doesn't need to commit to g7-g5 while it's possible to end the pin in a more relaxed way.} 8.a4 $5 {[%c_effect a4;square;a4;type;Interesting;persistent;true] A rare move in this exact position, but gaining space with a2-a4 is an Italian classic.} 8...d6 ( {The tactical} 8...Nxe4 $2 {[%c_effect e4;square;e4;type;Mistake;persistent;true] loses material after:} 9.Bxe7 Nxc3 10.Bxd8 Nxd1 11.Bxc7 Nxb2 12.Bd5 {since the knight is trapped.} ) 9.Bxf6 {Why White captures the knight now instead of castling is something that will become clear in the next few moves. White still hopes for an attack on the kingside.} 9...Bxf6 10.Nd5 g6 {The first new move.} ( 10...Nb8 {is another way of playing. The knight frees a path for the c-pawn to advance.} 11.O-O Be6 12.Ne3 Re8 13.a5 c6 14.Bxe6 Rxe6 15.c3 Na6 16.Qc2 Qd7 17.Rad1 {With a tiny advantage for White. Michael Adams, one of my favorite players, went on to win in his beautiful positional style: Adams-Kaidanov, WchT Seniors 50 Acqui Terme 2022.} ) 11.h4 {This move is necessary to justify White's play, otherwise Black can play Bg7 and then Ne7, with a comfortable position.} 11...Bg7 {The right way to deal with h4-h5 is to ignore it.} ( 11...h5 $6 {[%c_effect h5;square;h5;type;Inaccuracy;persistent;true] is worse, since White's knight will go to g5 with dangerous threats.} 12.Qd2 ) 12.h5 g5 13.Ne3 Ne7 {Black prepares c6-d5 or Kh8-f5.} 14.Nd2 c6 15.g4 $1 {[%c_effect g4;square;g4;type;GreatFind;persistent;true] Fixing the pawn structure on the kingside in order to prevent the liberating f7-f5. Now White can try to play against the bishop on g7, which becomes a piece with limited mobility. The computer is not very impressed with all this, but to play at a high level nowadays you need to ignore some of the machine's evaluations and think about whether the position is comfortable for playing - that's enough. Rapport was still in preparation, as he played all of this quickly.} 15...d5 16.Bb3 Kh8 {Now Rapport started to think.} 17.Ndf1 {Considering Black's next move, it makes a lot of sense for White to start with a4-a5 first.} ( 17.a5 $5 ) 17...Qa5+ ( 17...d4 $1 {[%c_effect d4;square;d4;type;GreatFind;persistent;true] The computer is pretty happy with this move.} 18.Nf5 Bxf5 19.exf5 ( 19.gxf5 Ng8 {An important maneuver, taking the knight to f6.} ) 19...Nd5 {with a good position for Black.} ) 18.Qd2 ( 18.Ke2 {This move is actually possible, to avoid exchanging queens, but maybe too much even for Rapport's creative style.} ) 18...Qxd2+ 19.Kxd2 Rd8 20.Ng3 ( 20.f3 $1 {[%c_effect f3;square;f3;type;GreatFind;persistent;true] is more accurate, preventing what happens in the game. White may fight for a small advantage since Black has no active plan available and White can try to create some play on the queenside.} ) 20...dxe4 $1 {[%c_effect e4;square;e4;type;GreatFind;persistent;true] Taking the chance to activate the pieces.} 21.Nxe4 f5 22.gxf5 Nxf5 23.Nxf5 Bxf5 {With the strong knight on e4, White can argue that his position is a little more comfortable, but not enough for real pressure.} 24.Rae1 a5 25.Nc5 {Seeking to take the game to a position of bishops of opposite colors.} ( 25.f3 {is an alternative, but there's no clear plan for White to improve his position.} ) 25...b6 26.Ne6 Bxe6 27.Bxe6 Rf8 28.Rhf1 Rad8 29.Re4 Rd4 30.c3 Rd6 {A difficult decision. Capturing the rook on e4 leaves the light squares weakened, but what must be calculated is whether Black can set up a fortress, the typical strategy for those defending in opposite-colored bishop endgames.} ( 30...Rxe4 31.dxe4 Rd8+ 32.Ke2 Bf8 {White is unable to create dangerous threats. One plan is to go Rb1 followed by b4, but Black is able to neutralize it.} 33.Rb1 Kg7 34.b4 axb4 35.cxb4 Kf6 36.Bf5 c5 {with a likely draw.} ) 31.Bg4 Rfd8 32.Be2 c5 {Another difficult move. Aesthetically it's ugly, as it weakens more light squares, but Aronian wanted to fight against the b4-advance.} 33.Kc2 Kg8 34.Kb3 Kf7 35.Kc4 {White has a beautiful position, but this is no guarantee of anything when we have bishops of opposite color in the endgame.} 35...Rf8 36.Re3 Ke7 37.Rf3 Kd8 ( 37...Rdf6 {is also possible:} 38.Rxf6 Rxf6 {with a fortress.} ) 38.Rxf8+ Bxf8 39.Bg4 Rf6 40.f3 Bd6 41.Re1 Kc7 42.Kd5 Kb7 43.Re4 Kc7 {White has improved his position practically to the maximum. There are only two pawn breaks available, on d4 and b4, and neither guarantees a path to an advantage.} 44.Rc4 ( 44.d4 {ends in a draw after} 44...cxd4 45.cxd4 exd4 46.Rxd4 Bc5 ) 44...Kb7 45.b3 {A clever idea: Black has to move the bishop and White can play b3-b4, but this is not enough due to a nice counter-attacking move.} 45...Bc7 46.b4 cxb4 47.cxb4 b5 $1 {[%c_effect b5;square;b5;type;GreatFind;persistent;true] This is the point. Black creates a passed a-pawn and is out of danger.} 48.axb5 a4 49.Rc6 {The game quickly ends in a draw.} 49...Rxc6 50.bxc6+ Kb6 51.Kc4 Kxc6 52.Be6 Bd6 53.Kc3 a3 54.Bc4 Kb6 55.Be6 Kc6 56.Bc4 Kb6 57.Be6 Kc6 1/2-1/2

[Event "Grand Masters 2023"]
[Site "Chennai"]
[Date "2023.12.16"]
[Round "2"]
[White "Eljanov, Pavel"]
[Black "Sjugirov, Sanan"]
[Result "0-1"]
[WhiteElo "2691"]
[BlackElo "2703"]
[ECO "A07"]
[EventDate "2023.??.??"]
[Annotator "rafael"]
[PlyCount "126"]
[Beauty "6185558227980"]
[EventType "team-tourn"]
[EventCountry "IND"]
[TimeControl "40/5400+30:1800+30"]

1.Nf3 d5 2.g3 Nf6 3.Bg2 c6 4.O-O Bg4 5.h3 Bh5 6.d3 e6 7.c4 {Eljanov has a classic, positional style and these slow variations usually work well for him.} 7...dxc4 8.dxc4 Nbd7 ( 8...Qxd1 {Exchanging queens is a good alternative. Black has no particular problems after} 9.Rxd1 Nbd7 ) 9.Nc3 Qc7 10.Bf4 e5 11.Be3 Bc5 12.Bxc5 ( 12.Qc1 {is an interesting alternative.} ) 12...Nxc5 13.b4 Ne6 14.Qc1 O-O 15.Nd2 a5 16.a3 {Black has a good position, but it is possible to improve on his next moves, as White will get a small advantage.} 16...axb4 {Opening the a-file is not that advantageous for Black.} ( 16...Rfd8 17.Qb2 Nd4 18.e3 Ne2+ 19.Nxe2 Bxe2 {with equality.} ) 17.axb4 Rxa1 18.Qxa1 Qb6 $6 ( 18...Rd8 {is better.} ) 19.Qb2 Ra8 20.Rc1 Qa6 21.e3 ( 21.b5 {leads to a small advantage for White after:} 21...Qb6 22.Ra1 Rxa1+ 23.Qxa1 ) 21...Bg6 22.Nf3 Nd7 23.Rd1 Nef8 24.Nh4 {[%c_arrow a6c4;keyPressed;none;from;a6;opacity;0.8;to;c4;persistent;false] This pawn sacrifice is not bad, but I believe that the best White can do is recover it and achieve a draw. The alternatives likely lead to a draw:} ( 24.b5 Qa3 ) ( 24.Nd2 ) 24...Qxc4 25.Nxg6 hxg6 26.Bf1 ( 26.b5 {offers enough compensation for equality.} ) 26...Qe6 27.Ne4 Nb6 28.Ng5 ( 28.b5 {is again possible, with enough compensation after} 28...Nd5 29.bxc6 bxc6 ) 28...Qe7 29.h4 Nh7 30.Nxh7 $2 {[%c_effect h7;square;h7;type;Mistake;persistent;true] This is a mistake and now White is in danger.} ( 30.Ne4 {is better:} 30...Nf6 31.Ng5 ) 30...Kxh7 31.b5 c5 {The c-pawn becomes very dangerous.} 32.Qc2 e4 $1 {[%c_effect e4;square;e4;type;GreatFind;persistent;true] It's important to close the b1-h7 diagonal and take the e4-square from White's queen.} 33.Qd2 Qe6 ( 33...Qe5 {is more accurate.} ) 34.Qd6 $2 ( 34.h5 $1 {[%c_effect h5;square;h5;type;GreatFind;persistent;true] This is a great move by the computer, offering drawing chances. The idea is very hard to understand at first.} 34...gxh5 35.Qd6 $1 {[%c_effect d6;square;d6;type;GreatFind;persistent;true] Now if Black continues as in the game, we can understand why h5 was important:} 35...Qxd6 36.Rxd6 c4 $6 37.Bg2 $1 {[%c_effect g2;square;g2;type;GreatFind;persistent;true] Threatening to capture the e4-pawn with check.} 37...f5 38.Bh3 $1 {[%c_effect h3;square;h3;type;GreatFind;persistent;true] with counterplay.} ) 34...Qxd6 35.Rxd6 c4 $1 {[%c_effect c4;square;c4;type;GreatFind;persistent;true] The only move, but good enough. Now Black wins the exchange after a forced sequence.} 36.Rxb6 c3 37.Rxb7 Rc8 $1 38.Ra7 c2 39.Ra1 c1=Q 40.Rxc1 Rxc1 41.Kg2 {With the b-pawn it would be possible to think that White has good chances for a draw, but the pawn structure on the kingside is very unfavorable. Black can endeavor to attack the f2-pawn, and if White moves the pawn before this happens, then his structure remains bad.} 41...g5 ( 41...Kg8 {It's hard to say without detailed analysis which move is better and whether this actually makes any difference.} ) 42.hxg5 Kg6 43.b6 {White decides not to wait passively.} 43...Rc6 $1 {[%c_effect c6;square;c6;type;GreatFind;persistent;true] The only winning move.} ( 43...Rb1 $2 44.Bc4 Rxb6 45.Bd5 {with a draw.} ) 44.b7 Rb6 45.Ba6 Kxg5 {The bishop is badly placed.} 46.f4+ $6 {[%c_effect f4;square;f4;type;Inaccuracy;persistent;true] This makes things worse, but the endgame should be lost anyway.} 46...exf3+ 47.Kxf3 Kf5 48.Bd3+ Ke5 49.Be4 f5 $1 50.Bc6 Kd6 51.Be8 Rxb7 {White is not in time to exchange the e-pawn for the f-pawn.} 52.Kf4 Ke6 53.e4 Rb4 $1 54.Bc6 Kf6 55.Kf3 Rb3+ 56.Kf2 Rb6 57.Ba8 Rb8 58.Bc6 Rb2+ 59.Kf3 Rc2 60.Bb7 Rc7 61.Ba8 Rc3+ 62.Kf2 Kg5 63.exf5 Kg4 $1 {[%c_effect g4;square;g4;type;GreatFind;persistent;true] The last accurate move.} ( 63...Kxf5 $4 64.Bf3 {leads to a draw, since White has a fortress.} ) 0-1